 Dungeon Crawl Stone Soup version 0.30-a0-920-g7493c07aab (webtiles) character file.

Game seed: 9508231838050324688

217 cheesebisquit the Firebug (level 5, 0/38 HPs)
             Began as a Draconian Fire Elementalist on Mar 21, 2023.
             Slain by a gnoll
             ... wielding a +0 trident
              (6 damage)
             ... on level 4 of the Dungeon.
             The game lasted 00:13:12 (4030 turns).

cheesebisquit the Firebug (DrFE)                    Turns: 4030, Time: 00:13:13

Health: 0/38       AC:  5    Str: 10    XL:     5   Next: 61%
Magic:  2/10       EV: 12    Int: 17    God:
Gold:   187        SH:  0    Dex: 12    Spells: 2/11 levels left

rFire   . . .      SeeInvis +    (no weapon)
rCold   . . .      Faith    .    (no shield)
rNeg    . . .      Spirit   .    (body armour unavailable)
rPois   +          Reflect  .    (helmet restricted)
rElec   .          Rampage  .    (no cloak)
rCorr   .                        (no gloves)
Will    .....                    (no boots)
Stlth   ++                       (no amulet)
HPRegen 0.26/turn                f - ring of poison resistance
MPRegen 0.12/turn                m - ring of see invisible

@: no status effects
A: AC +5, unfitting armour, cold-blooded
a: no special abilities


You were on level 4 of the Dungeon.
You visited 1 branch of the dungeon, and saw 4 of its levels.

You collected 187 gold pieces.

Inventory:

Missiles
 i - 7 poisoned darts
Jewellery
 f - a ring of poison resistance (left hand)
 m - a ring of see invisible (right hand)
Wands
 p - a wand of quicksilver (3)
Scrolls
 b - 3 scrolls of enchant weapon {unknown}
 e - 3 scrolls of identify {unknown}
 g - a scroll of noise {unknown}
 h - 2 scrolls of amnesia {unknown}
 k - a scroll of fear {unknown}
 l - 2 scrolls of teleportation {unknown}
 n - a scroll of butterflies {unknown}
Potions
 a - a potion of magic
 c - 4 potions of brilliance {unknown}
 d - 3 potions of curing {unknown}
 j - a potion of attraction {unknown}
 o - a potion of lignification {unknown}
 q - a potion of berserk rage {unknown}


   Skills:
 - Level 1.7 Dodging
 - Level 1.7 Stealth
 + Level 3.5 Spellcasting
 - Level 1.0 Conjurations
 * Level 5.5 Fire Magic


You had 2 spell levels left.
You knew the following spells:

 Your Spells              Type           Power      Damage    Failure   Level
a - Foxfire               Conj/Fire      56%        2x1d6     4%          1
b - Scorch                Fire           42%        2d7       2%          2
c - Inner Flame           Hex/Fire       12%        N/A       16%         3
d - Kindle Blastsparks    Fire/Tloc/Air  18%        2d11      24%         3

Your spell library contained the following spells:

 Spells                   Type           Power      Damage    Failure   Level
 Summon Small Mammal      Summ           8%         N/A       17%         1
 Flame Wave               Conj/Fire      14%        2d6       41%         4
 Call Canine Familiar     Summ           2%         N/A       45%         3
 Summon Guardian Golem    Hex/Summ       2%         N/A       45%         3


Dungeon Overview and Level Annotations

Branches:
Dungeon (4/15)
 Temple: D:4-7

Altars:
Okawaru
Uskayaw
Xom


Innate Abilities, Weirdness & Mutations

Your plain brown scales are hard. (AC +5)
You cannot fit into any form of body armour.
You are cold-blooded and may be slowed by cold attacks.


Message History

You conjure some foxfire!
The gnoll hits you from afar with a +0 trident!
The gnoll hits you from afar with a +0 spear.
The foxfire hits the gnoll.
The gnoll is lightly wounded.
The foxfire hits the gnoll.
The gnoll is moderately wounded.
The gnoll misses you.
The gnoll hits you from afar with a +0 spear.
You are too injured to fight recklessly!
Casting: Foxfire (safe; 4% risk of failure)
Press: ? - help, Q - select action, (/) - cycle Dir - look around, f - activate You conjure some foxfire!
The gnoll closely misses you.
The gnoll hits you from afar with a +0 spear.
The foxfire hits the gnoll but does no damage.
The gnoll is moderately wounded.
The foxfire hits the gnoll.
The gnoll is severely wounded.
A jackal comes into view.
The gnoll hits you from afar with a +0 trident!
* * * LOW HITPOINT WARNING * * *
The gnoll hits you but does no damage.
A jackal comes into view.
Your magical contamination has completely faded away.
The jackal barks!
You hear a shout! x2
Casting: Foxfire (safe; 4% risk of failure)
Press: ? - help, Q - select action, (/) - cycle Dir - look around, f - activate You conjure some foxfire!
The gnoll closely misses you.
The foxfire hits the gnoll.
The gnoll is heavily wounded.
The foxfire hits the gnoll but does no damage.
The gnoll is heavily wounded.
The gnoll barely misses you.
Casting: Foxfire (safe; 4% risk of failure)
Press: ? - help, Q - select action, (/) - cycle Dir - look around, f - activate You conjure some foxfire!
The gnoll hits you from afar with a +0 trident.
You die...

........##.....
#.........†....
#!.....<#
...(........#
#.########.)...
#. #...[... ...
... #.# #..
###.# # #..#
##@v.# #....
#.v### #...###
#g## #
#..)..###g####.#
#....h#....#
###.#...#
#####.#
#.....###......
#..##......##
...h####......#


You could see 2 gnolls and a jackal.

Vanquished Creatures
  A bullfrog (D:4)
  3 gnolls
  4 adders
  An adder zombie (D:2)
  A worm (D:3)
  2 dart slugs
  2 orcs (D:3)
  A bat skeleton (D:2)
  2 bat zombies (D:2)
  6 endoplasms
  3 giant cockroaches
  A hobgoblin (D:1)
  9 jackals
  7 quokkas
  3 ball pythons (D:2)
  3 ball python skeletons (D:2)
  4 bats
  5 frilled lizards
  8 goblins
  4 kobolds
  A quokka skeleton (D:2)
  9 rats
80 creatures vanquished.

Vanquished Creatures (collateral kills)
  7 foxfires
7 creatures vanquished.

Vanquished Creatures (others)
  211 foxfires
  4 fungi (D:2)
  11 plants (D:3)
  3 withered plants (D:2)
229 creatures vanquished.

Grand Total: 316 creatures vanquished

Notes
Turn   | Place    | Note
-------+----------+-------------------------------------------
     0 | D:1      | cheesebisquit the Draconian Fire Elementalist began the
                  | quest for the Orb.
     0 | D:1      | Reached XP level 1. HP: 14/14 MP: 3/3
   532 | D:1      | Reached XP level 2. HP: 20/20 MP: 1/5
  1221 | D:2      | Reached XP level 3. HP: 26/26 MP: 4/6
  1351 | D:2      | Reached skill level 4 in Fire Magic
  2120 | D:2      | Reached XP level 4. HP: 22/33 MP: 3/8
  2473 | D:3      | Found an iron altar of Okawaru.
  2487 | D:3      | Found a hide-covered altar of Uskayaw.
  2509 | D:3      | Found a shimmering altar of Xom.
  2805 | D:3      | Learned a level 2 spell: Scorch
  2809 | D:3      | Learned a level 3 spell: Inner Flame
  2813 | D:3      | Learned a level 3 spell: Kindle Blastsparks
  3108 | D:3      | Reached skill level 5 in Fire Magic
  3376 | D:3      | Reached XP level 5. HP: 38/38 MP: 6/9
  4030 | D:4      | Slain by a gnoll

Illustrated notes

Levels and vault maps discovered:
D:1:      ebering_trefoil_twist, layout_basic
D:2:      layout_loops_cross, serial_undead, serial_undead_d, serial_undead_f,
          serial_undead_b, serial_undead_a, serial_undead_f, serial_undead_e,
          minmay_misc_feat_plants, grunt_ministairs_11, minmay_strange_pillars,
          dreamdust_mushroom_princess
D:3:      wad_woods_tower, layout_basic, lemuel_crystal_altar,
          nicolae_overflow_hidden_temple, serial_aquarium,
          aquarium_bridge_long_joined [aquarium_subvault_wall,
          aquarium_subvault_wall, aquarium_subvault_bridge,
          aquarium_subvault_wall, aquarium_subvault_bridge,
          aquarium_subvault_wall], aquarium_bridge_island_large
          [aquarium_subvault_large_water, aquarium_subvault_bridge,
          aquarium_subvault_bridge, aquarium_subvault_wall,
          aquarium_subvault_window], aquarium_window_2, aquarium_window_2,
          aquarium_window_corner, aquarium_view_2e, aquarium_view_2e,
          aquarium_pool_corner
D:4:      layout_rooms, kiku_gazebo_pond_becter, cheibriados_altar_1

Skill      XL: |  1  2  3  4 |
---------------+-------------+-----
Fire Magic     | 4 5 |  5.5
Spellcasting   | 3 |  3.5
Dodging        | |  1.7
Stealth        | |  1.7
Conjurations   | |  1.0

Action                     |  1- 3 |  4- 6 || total
---------------------------+-------+-------++-------
  Melee: Unarmed           |    57 |    42 ||    99
         Tailslap          |     8 |     8 ||    16
         Punch             |     1 |       ||     1
   Cast: Foxfire           |    72 |    60 ||   132
   Stab: Sleeping          |     1 |       ||     1
 Armour: Skin              |    35 |    19 ||    54
  Dodge: Dodged            |    51 |    44 ||    95

Table legend: (Time is in decaauts)
 A = Elapsed time spent in this place.
 B = Non-inter-level travel time spent in this place.
 C = Inter-level travel time spent in this place.
 D = Time resting spent in this place.
 E = Time spent auto-exploring this place.
 F = Levels seen in this place.
 G = Mean time per level.
                   A        B        C        D        E       F      G
               +--------+--------+--------+--------+--------+-----+--------+
         Total |   4032 |   3684 |    348 |      0 |   3053 |   4 | 1008.0 |
       Dungeon |   4032 |   3684 |    348 |      0 |   3053 |   4 | 1008.0 |
               +--------+--------+--------+--------+--------+-----+--------+

Top non-repeatable levels by time:
     D:3: 1590 daAuts
     D:2: 1208 daAuts
     D:1: 1117 daAuts
     D:4: 116 daAuts
